 Dungeon Crawl Stone Soup version 0.23.2-1-ga50397a (webtiles) character file.

Game seed: 16167764564603351359

3 MalarOregon the Stinger (level 1, -1/14 HPs)
             Began as a Ghoul Venom Mage on May 26, 2019.
             Slain by a goblin
             ... wielding a +0 dagger
              (3 damage)
             ... on level 1 of the Dungeon.
             The game lasted 00:00:56 (142 turns).

MalarOregon the Stinger (Ghoul Venom Mage)           Turns: 142, Time: 00:00:56

Health: -1/14      AC:  2    Str: 11    XL:     1   Next: 50%
Magic:  0/2        EV: 12    Int: 10    God:
Gold:   28         SH:  0    Dex:  9    Spells: 2/3 levels left

rFire    . . .     SeeInvis .   c - -2 short sword (curse)
rCold    + . .     Gourm    .   (no shield)
rNeg     + + +     Faith    .   a - +0 robe
rPois    ∞         Spirit   .   (no helmet)
rElec    .         Reflect  .   (no cloak)
rCorr    .         Harm     .   (no gloves)
MR       .....                  (no boots)
Stlth    ++........             (no amulet)
HPRegen  0.00/turn              (no ring)
MPRegen  0.08/turn              (no ring)

@: very slightly contaminated, rotting
A: rotting body, claws 1, carnivore, cold resistance 1, negative energy
resistance 3, inhibited regeneration, torment resistance, unbreathing
a: no special abilities


You were on level 1 of the Dungeon.
You were not hungry.

You visited 1 branch of the dungeon, and saw 1 of its levels.

You collected 28 gold pieces.

Inventory:

Hand Weapons
 c - a cursed -2 short sword (weapon)
   (You found it on level 1 of the Dungeon)
 f - a +0 dagger
   (You took it off a goblin on level 1 of the Dungeon)
Armour
 a - a +0 robe (worn)
Comestibles
 b - 4 chunks of flesh
 e - a ration {!d}


   Skills:
 + Level 1.8 Dodging
 + Level 2.2 Stealth
 + Level 1.8 Spellcasting
 + Level 0.8 Conjurations
 + Level 3.0 Poison Magic


You had 2 spell levels left.
You knew the following spells:

 Your Spells              Type           Power        Failure   Level  Hunger
a - Sting                 Conj/Pois      #...         14%         1    ##.....

Your spell library contained the following spells:

 Spells                   Type           Power        Failure   Level  Hunger
 Poisonous Vapours        Pois/Air       #.....       26%         2    ###....
 Mephitic Cloud           Conj/Pois/Air  #.......     50%         3    ####...
 Olgreb's Toxic Radiance  Pois           #.......     65%         4    #####..
 Venom Bolt               Conj/Pois      #.........   99%         5    ######.


Dungeon Overview and Level Annotations

Branches:
Dungeon (1/15)

Altars:


Innate Abilities, Weirdness & Mutations

Your body is rotting away.
You thrive on raw meat.
You are immune to poison.
You have sharp fingernails.
You are carnivorous and can eat meat at any time.
Your flesh is cold resistant. (rC+)
You are immune to negative energy. (rN+++)
You do not regenerate when monsters are visible.
You are immune to unholy pain and torment.
You can survive without breathing.


Message History

a +0 dagger; a goblin corpse Firing (i - inventory) No suitable missiles.
Marked for pickup.
Marked for pickup.
Okay, then.
f - a +0 dagger
There are no objects that can be picked up here. a goblin corpse
There are no objects that can be picked up here. a goblin corpse You butcher the goblin corpse.
b - 5 chunks of flesh (gained 3)
You see here a goblin skeleton.
You feel your flesh rotting away.
There isn't anything to butcher here.
You can't unwield your weapon to draw a new one!
Drop what? 6/52 slots (_ for help) (? for menu, Esc to quit)
Okay, then.
As you read the scroll labeled HUPAUL ADUCS, it crumbles to dust.
It is a scroll of identify.
You don't have any unidentified items.
Eating one of 5 chunks of flesh.
You eat one of the 5 chunks of flesh.
You feel more resilient.
This raw flesh tastes great!
You now have 28 gold pieces (gained 13).
A goblin comes into view. It is wielding a +0 dagger.
The goblin shouts!
A goblin is nearby!
A goblin is nearby!
The goblin hits you but does no damage.
You barely miss the goblin. The goblin hits you with a +0 dagger.
You closely miss the goblin. The goblin barely misses you.
You completely miss the goblin. The goblin closely misses you.
You closely miss the goblin. The goblin hits you but does no damage.
The goblin barely misses you.
You closely miss the goblin. The goblin hits you with a +0 dagger.
* * * LOW HITPOINT WARNING * * *
Aim: a goblin, wielding a +0 dagger The sting misses the goblin.
The goblin hits you with a +0 dagger.
* * * LOW HITPOINT WARNING * * *
Aim: a goblin, wielding a +0 dagger The sting misses the goblin.
The goblin misses you.
You see here a goblin skeleton.
Aim: a goblin, wielding a +0 dagger The sting misses the goblin.
The goblin hits you but does no damage.
Unknown command.
Aim: a goblin, wielding a +0 dagger You miscast Sting.
You are very lightly contaminated with residual magic.
Nothing appears to happen.
The goblin hits you with a +0 dagger.
You die...

..............# #.#
###...........# #.#
#...........# #.#
#...........# #.#
#...........# #.#
#...........# #.#
#...........#########.##
#.......................
#......@g..##########.#.
#.###################.#÷
#.÷...................#.
#.#####################.
#.# #... ### #.#. #.##
#... ####


You could see a goblin.

Vanquished Creatures
  A goblin (D:1)
  A bat (D:1)
  A frilled lizard (D:1)
  A rat (D:1)
4 creatures vanquished.

Notes
Turn   | Place    | Note
-------+----------+-------------------------------------------
     0 | D:1      | MalarOregon the Ghoul Venom Mage began the quest for the
                  | Orb.
     0 | D:1      | Reached XP level 1. HP: 14/14 MP: 2/2
   142 | D:1      | Slain by a goblin

Action                   || total
-------------------------++-------
Melee: Short sword       ||     6
       Unarmed           ||     1
 Cast: Sting             ||     7
  Use: Scroll            ||     1
  Eat: Chunk             ||     1
Armor: Robe              ||     3
Dodge: Dodged            ||     5
